 Dungeon Crawl Stone Soup version 0.18-a0-1027-g814d7dd (webtiles) character file.

104827 Duffy the Fighter (level 16, -1/90 HPs)
             Began as a Vine Stalker Berserker on Jan 7, 2016.
             Was the Champion of Trog.
             Killed from afar by an ice dragon (13 damage)
             ... with a blast of cold
             ... on level 1 of the Depths.
             The game lasted 00:41:59 (22817 turns).

Duffy the Fighter (Vine Stalker Berserker)         Turns: 22817, Time: 00:41:59

Health: -1/90      AC: 18    Str: 28 (29) XL:     16   Next: 39%
Magic:  0/20       EV: 23    Int: 11      God:    Trog [******]
Gold:   2868       SH: 11    Dex: 12 (16) Spells: 0 memorised, 15 levels left

rFire  . . .     SeeInvis .     N - +2 morningstar (crush)
rCold  . . .     Gourm    .     J - +0 shadow dragon armour
rNeg   . . .     Faith    .     M - +0 buckler "Puinor" {MR+ rCorr}
rPois  .         Spirit   +     t - +2 helmet {Int+3}
rElec  .         Dismiss  .     p - +1 cloak {+Inv}
rCorr  +         Reflect  +     k - +0 pair of gloves
SustAt .         Harm     .     E - +2 pair of boots {Fly}
MR     +++..                    V - +5 amulet of reflection
Stlth  ++........               j - +5 ring of evasion
                                x - +4 ring of evasion

@: mighty, corroded equipment, flying, very slightly contaminated, hasted, very
quick, extremely resistant to hostile enchantments, unstealthy
A: fangs 3, blink, deterioration 1, regeneration 3, screaming 1, wild magic 1,
magic shield, antimagic bite, no device heal 3, rot immunity
a: Blink, Berserk, Trog's Hand, Brothers in Arms, Burn Spellbooks, Renounce
Religion, Evoke Invisibility, Stop Flying


You were on level 1 of the Depths.
You worshipped Trog.
Trog was exalted by your worship.
You were not hungry.

You visited 4 branches of the dungeon, and saw 26 of its levels.
You also visited: Labyrinth and Volcano.

You collected 3046 gold pieces.
You spent 178 gold pieces at shops.


Innate Abilities, Weirdness & Mutations

You have razor-sharp teeth.
You regenerate.
When hurt, damage is shared between your health and your magic reserves.
Your bite disrupts and absorbs the magic of your enemies.
Potions and wands cannot restore your health.
You are immune to rotting.
You can translocate small distances at will.
Your body sometimes deteriorates upon taking damage.
You occasionally shout uncontrollably at your foes.
Your spells are a little harder to cast, but a little more powerful.


   Skills:
 + Level 12.6 Fighting
 - Level 12.0 Maces & Flails
 + Level 11.3 Armour
 + Level 11.6 Dodging
 - Level 10.0 Shields
 - Level 5.0 Evocations


You had 15 spell levels left.
You didn't know any spells.

Inventory:

Hand Weapons
 z - a +0 blowgun
 N - a +2 morningstar of crushing (weapon)
Missiles
 g - 4 curare-tipped needles
 h - 3 throwing nets (quivered)
 F - 58 poisoned needles
Armour
 k - a +0 pair of gloves (worn)
 l - a +2 cloak of fire resistance
 p - a +1 cloak of invisibility (worn)
 t - a +2 helmet of intelligence (worn)
 E - a +2 pair of boots of flying (worn)
 J - a +0 shadow dragon armour (worn)
 M - the +0 buckler "Puinor" (worn) {MR+ rCorr}

   It affects your resistance to hostile enchantments.
   It protects you from acid and corrosion.
Jewellery
 j - a +5 ring of evasion (right hand)
 x - a +4 ring of evasion (left hand)
 Q - an uncursed ring of protection from fire
 R - the ring of Uvoduuz {+/*Tele rPois MR+ Str+2 Int+4}

   [ring of teleportation]

   It may teleport you next to monsters, and can be evoked to randomly teleport.
   It affects your strength (+2).
   It affects your intelligence (+4).
   It protects you from poison.
   It affects your resistance to hostile enchantments.
 V - a +5 amulet of reflection (around neck)
Wands
 a - a wand of hasting (6/9)
 d - a wand of confusion (23/48)
 v - a wand of draining (4/15)
 B - a wand of invisibility (3/9)
 H - a wand of cold (1/15)
 L - a wand of disintegration (13/24)
 X - a wand of digging (8/24)
Scrolls
 e - 7 scrolls of fear
 m - 8 scrolls of recharging
 w - 5 scrolls of teleportation
 y - 2 scrolls of enchant weapon
 A - 3 scrolls of enchant armour
 C - 5 scrolls of blinking
 O - 5 scrolls of remove curse
 P - 3 scrolls of fog
 S - a scroll of summoning
 W - a scroll of vulnerability
Potions
 f - a potion of magic
 i - 3 potions of resistance
 s - a potion of ambrosia
 u - 5 potions of curing
 D - 3 potions of cancellation
 I - 3 potions of berserk rage
 T - 2 potions of mutation
 Y - 2 potions of haste
 Z - a potion of agility
Comestibles
 b - 23 fruits
 c - 17 bread rations
 G - 17 meat rations

Dungeon Overview and Level Annotations

Branches:
Dungeon (15/15)            Temple (0/1) D:5            Lair (8/8) D:9
 Shoals (0/4) Lair:3       Spider (0/4) Lair:6        Slime (0/6) Lair:8
    Orc (2/2) D:9             Elf (0/3) Orc:2        Vaults (0/5) D:14
 Depths (1/5) D:15

Altars:
Cheibriados
Dithmenos
Elyvilon
Fedhas
Gozag
Kikubaaqudgha
Makhleb
Nemelex Xobeh
Okawaru
Pakellas
Sif Muna
Trog
Vehumet
Xom
The Shining One
Jiyva

Shops:
Orc:2 (*:[

Portals:
Hell: Lair:8 Depths:1


Message History

The tengu conjurer pecks you but does no damage.
You block the tengu conjurer's attack.
The redback misses the entropy weaver.
You block the ice dragon's attack. The ice dragon barely misses you.
The ice dragon tramples you but does no damage.
The ice dragon breathes frost at you.
The blast of cold hits the ice beast.
The ice beast completely resists.
The blast of cold hits the ice dragon.
The ice dragon resists.
The blast of cold hits you!
The tengu conjurer hits you but does no damage.
The tengu conjurer closely misses you. x2
The redback barely misses the entropy weaver.
The fire crab misses you. You block the fire crab's attack.
You block the tengu conjurer's attack. The tengu conjurer pecks you.
The tengu conjurer closely misses you. The ice dragon completely misses you.
You block the ice dragon's attack. The ice dragon misses you.
A water nymph comes into view.
You shout at the water nymph!
The fire crab changes into an orb spider!
The redback bites itself but does no damage.
The tengu conjurer misses you.
The tengu conjurer pecks you but does no damage.
The tengu conjurer closely misses you.
The tengu conjurer mumbles some strange words.
The tengu conjurer blinks!
The jumping spider leaps!
The water nymph changes into a shining eye!
The redback misses the entropy weaver.
The ice dragon misses you. You block the ice dragon's attack.
The ice dragon barely misses you.
The entropy weaver gestures wildly while chanting.
The entropic weave corrodes you! The ice dragon breathes frost at you.
The blast of cold hits the ice beast.
The ice beast completely resists.
The blast of cold hits the ice dragon.
The ice dragon resists.
The blast of cold hits you!
You die...

######### #.......#####
#####.#####......
##...#.#...###....
#...........##....
#.~##...##..##....
#.G##...##..###'##
#####s####Q*.......##.....
#...5.DYD@0s..\...........
#....Yss##s).......####...
#....pO##.[##...##..# ....
#..(#####..##...##..#.....
#...# #..(........#.....
#..... ##...#.#...##.....
+.O.O.. #####.#####......
#...O.V. #.....#........
#..O..c.D #.....'........


You could see 2 ice dragons, an entropy weaver, a shining eye shaped shifter, an
orb spider shaped shifter, a jumping spider, a tengu conjurer, 3 redbacks, 2 ice
beasts, an ogre, a battlesphere and a white imp.

Action                   |  1- 3 |  4- 6 |  7- 9 | 10-12 | 13-15 | 16-18 || total
-------------------------+-------+-------+-------+-------+-------+-------++-------
Melee: Mace              |    70 |   138 |   100 |       |       |       ||   308
       Flail             |       |       |    76 |       |       |       ||    76
       Morningstar       |       |       |    74 |   525 |  1306 |   207 ||  2112
       Dire flail        |       |       |       |    71 |       |       ||    71
Invok: Berserk           |     1 |     3 |     6 |    10 |    15 |     3 ||    38
       Brothers in Arms  |       |       |       |       |     2 |       ||     2
       Burn Spellbooks   |       |       |       |       |     3 |       ||     3
       Trog's Hand       |       |       |       |       |     2 |     3 ||     5
 Abil: Stop Flying       |       |       |       |       |     2 |       ||     2
       Evoke Flight      |       |       |       |       |     2 |       ||     2
Evoke: Wand              |       |       |       |       |       |     4 ||     4
  Use: Scroll            |       |       |       |    26 |    10 |     4 ||    40
       Potion            |       |       |       |     1 |       |     6 ||     7
 Stab: Sleeping          |     2 |       |       |       |       |     3 ||     5
       Distracted        |       |       |     1 |       |     1 |       ||     2
       Confused          |       |       |       |       |       |     2 ||     2
  Eat: Chunk             |     1 |     9 |    11 |    28 |    38 |     7 ||    94
       Royal jelly       |       |       |     1 |       |       |       ||     1
       Beef jerky        |       |       |     2 |     1 |     6 |       ||     9
       Pizza             |       |       |       |     1 |       |     1 ||     2
       Fruit             |       |       |       |       |     3 |       ||     3

Notes
Turn   | Place    | Note
--------------------------------------------------------------
     0 | D:1      | Duffy the Vine Stalker Berserker began the quest for the Orb.
     0 | D:1      | Reached XP level 1. HP: 11/11 MP: 2/2
    37 | D:1      | Found a glowing golden altar of the Shining One.
   301 | D:1      | Reached skill level 3 in Maces & Flails
   301 | D:1      | Reached XP level 2. HP: 16/16 MP: 3/3
   687 | D:1      | Reached XP level 3. HP: 16/19 MP: 2/4
   737 | D:2      | Reached ** piety under Trog
   857 | D:2      | Noticed Crazy Yiuf
   862 | D:2      | Killed Crazy Yiuf
   862 | D:2      | Reached skill level 3 in Fighting
   862 | D:2      | Reached skill level 2 in Dodging
   972 | D:2      | Reached XP level 4. HP: 24/24 MP: 5/5
  2101 | D:3      | Found an opulent altar of Gozag.
  2435 | D:3      | Noticed totalnoob's ghost (amateur NaFi)
  2458 | D:3      | Killed totalnoob's ghost
  2458 | D:3      | Reached skill level 4 in Maces & Flails
  2458 | D:3      | Reached skill level 1 in Evocations
  2458 | D:3      | Reached XP level 5. HP: 28/28 MP: 5/7
  2519 | D:3      | Reached skill level 2 in Evocations
  2543 | D:3      | Found a radiant altar of Vehumet.
  2544 | D:3      | Found a glowing golden altar of the Shining One.
  2641 | D:4      | Found an iron altar of Okawaru.
  2642 | D:4      | Found a bloodstained altar of Trog.
  2733 | D:4      | Gained mutation: You heal very quickly. [Vine Stalker growth]
  2733 | D:4      | Reached XP level 6. HP: 32/32 MP: 8/8
  2781 | D:4      | Noticed a wyvern
  2785 | D:4      | Killed a wyvern
  2785 | D:4      | Reached skill level 5 in Maces & Flails
  2785 | D:4      | Reached skill level 3 in Evocations
  3272 | D:5      | Entered Level 5 of the Dungeon
  3276 | D:5      | Reached XP level 7. HP: 36/36 MP: 10/10
  3284 | D:5      | Found a staircase to the Ecumenical Temple.
  3285 | D:5      | Noticed tof's ghost (novice TeAs)
  3321 | D:5      | Killed tof's ghost
  3321 | D:5      | Reached skill level 4 in Evocations
  3368 | D:5      | Reached skill level 6 in Maces & Flails
  3403 | D:5      | Gained mutation: You have razor-sharp teeth. [Vine Stalker growth]
  3403 | D:5      | Reached XP level 8. HP: 28/40 MP: 12/12
  3447 | D:5      | Found a shimmering altar of Xom.
  3470 | D:5      | Reached *** piety under Trog
  3500 | D:5      | Reached skill level 5 in Evocations
  3514 | D:5      | Reached skill level 2 in Armour
  3848 | D:5      | Reached skill level 7 in Maces & Flails
  3959 | D:5      | Found an oddly glowing altar of Pakellas.
  3959 | D:5      | Noticed an orange crystal statue
  3960 | D:5      | Noticed a wyvern
  3975 | D:5      | Killed a wyvern
  4112 | D:5      | Found a burning altar of Makhleb.
  4273 | D:6      | Reached skill level 3 in Dodging
  4410 | D:6      | Found a blossoming altar of Fedhas.
  4414 | D:6      | Found an ancient bone altar of Kikubaaqudgha.
  4440 | D:6      | Found a deep blue altar of Sif Muna.
  4456 | D:6      | Reached skill level 4 in Fighting
  4512 | D:6      | Found a sparkling altar of Nemelex Xobeh.
  4561 | D:6      | Reached XP level 9. HP: 35/45 MP: 13/13
  4849 | D:7      | Reached skill level 3 in Armour
  4852 | D:7      | Reached **** piety under Trog
  4913 | D:7      | Killed an unseen horror
  4913 | D:7      | Reached skill level 8 in Maces & Flails
  4913 | D:7      | Reached skill level 4 in Dodging
  5257 | D:7      | Reached skill level 5 in Fighting
  5730 | D:8      | Noticed Duffy's ghost (novice VSAs)
  5737 | D:8      | Killed Duffy's ghost
  5737 | D:8      | Reached skill level 9 in Maces & Flails
  5840 | D:8      | Found a white marble altar of Elyvilon.
  5854 | D:8      | Noticed Psyche
  5860 | D:8      | Reached XP level 10. HP: 51/51 MP: 14/14
  5880 | D:8      | Killed Psyche
  6014 | D:9      | Reached skill level 10 in Maces & Flails
  6249 | D:9      | Found a snail-covered altar of Cheibriados.
  6408 | D:9      | Found a staircase to the Orcish Mines.
  6459 | D:9      | Noticed a death yak
  6460 | D:9      | Found a staircase to the Lair.
  6489 | D:10     | Entered Level 10 of the Dungeon
  6494 | D:10     | Killed a death yak
  6565 | D:10     | Reached skill level 11 in Maces & Flails
  6820 | D:10     | Noticed Snorg
  6832 | D:10     | Killed Snorg
  6953 | D:10     | Reached ***** piety under Trog
  6953 | D:10     | Reached skill level 12 in Maces & Flails
  6978 | D:10     | Reached XP level 11. HP: 55/55 MP: 11/15
  7037 | D:10     | Reached skill level 4 in Armour
  7595 | D:10     | Reached skill level 5 in Dodging
  7987 | Lair:1   | Entered Level 1 of the Lair of Beasts
  8008 | Lair:1   | Got a scorched plate armour
  8019 | Lair:1   | Identified the cursed +0 plate armour "Orizonko" {rF+} (You found it on level 1 of the Lair of Beasts)
  8051 | Lair:1   | Found a dark tunnel.
  8056 | Volcano  | Entered a volcano
  8071 | Volcano  | Noticed a deep elf mage
  8079 | Volcano  | Killed a deep elf mage
  8080 | Volcano  | Noticed a deep elf mage
  8083 | Volcano  | Killed a deep elf mage
  8083 | Volcano  | Reached skill level 6 in Fighting
  8083 | Volcano  | Reached skill level 5 in Armour
  8087 | Volcano  | Received a gift from Trog
  8094 | Volcano  | Noticed a deep elf mage
  8098 | Volcano  | Killed a deep elf mage
  9411 | Lair:2   | Reached skill level 1 in Shields
  9416 | Lair:2   | Reached skill level 6 in Dodging
  9824 | Lair:3   | Reached skill level 2 in Shields
  9890 | Lair:3   | Noticed a manticore
  9890 | Lair:3   | Noticed a griffon
  9901 | Lair:3   | Killed a manticore
  9901 | Lair:3   | Reached skill level 6 in Armour
  9905 | Lair:3   | Killed a griffon
  9905 | Lair:3   | Reached skill level 7 in Fighting
  9905 | Lair:3   | Gained mutation: You regenerate. [Vine Stalker growth]
  9905 | Lair:3   | Reached XP level 12. HP: 63/63 MP: 13/16
  9918 | Lair:3   | Reached skill level 3 in Shields
  9958 | Lair:3   | Found a staircase to the Shoals.
 10013 | Lair:3   | Noticed a six-headed hydra
 10020 | Lair:3   | Killed a six-headed hydra
 10382 | Lair:3   | Noticed Urug
 10390 | Lair:3   | Killed Urug
 10393 | Lair:3   | Received a gift from Trog
 10630 | Lair:4   | Reached skill level 7 in Dodging
 10643 | Lair:4   | Noticed a six-headed hydra
 10654 | Lair:4   | Killed a six-headed hydra
 10654 | Lair:4   | Reached skill level 4 in Shields
 10701 | Lair:4   | Reached skill level 8 in Fighting
 10857 | Lair:4   | Reached skill level 7 in Armour
 10997 | Lair:4   | Noticed a four-headed hydra
 11004 | Lair:4   | Killed a four-headed hydra
 11283 | Lair:5   | Reached skill level 5 in Shields
 11471 | Lair:5   | Noticed a six-headed hydra
 11479 | Lair:5   | Killed a six-headed hydra
 11479 | Lair:5   | Reached XP level 13. HP: 36/69 MP: 14/17
 12083 | Lair:5   | Reached skill level 8 in Dodging
 12415 | Lair:6   | Reached skill level 9 in Fighting
 12422 | Lair:6   | Reached skill level 6 in Shields
 12428 | Lair:6   | Reached skill level 8 in Armour
 12500 | Lair:6   | Received a gift from Trog
 12819 | Lair:6   | Found a hole to the Spider Nest.
 13796 | Lair:7   | Reached skill level 7 in Shields
 13857 | Lair:7   | Reached ****** piety under Trog
 14165 | Lair:7   | Reached XP level 14. HP: 62/76 MP: 18/18
 14167 | Lair:7   | Reached skill level 10 in Fighting
 14293 | Lair:7   | Received a gift from Trog
 14393 | Lair:7   | Reached skill level 9 in Dodging
 14675 | Lair:8   | Entered Level 8 of the Lair of Beasts
 14747 | Lair:8   | Found a viscous altar of Jiyva.
 14748 | Lair:8   | Found a staircase to the Slime Pits.
 14903 | Lair:8   | Reached skill level 8 in Shields
 14966 | Lair:8   | Found a shadowy altar of Dithmenos.
 15111 | Lair:8   | Reached skill level 9 in Shields
 15816 | Lair:8   | Found a burning altar of Makhleb.
 15873 | Lair:8   | Reached skill level 10 in Shields
 15939 | Lair:8   | Found a gateway to Hell.
 16262 | D:10     | Reached skill level 9 in Armour
 16335 | D:11     | Found a labyrinth entrance.
 16344 | Lab      | Entered a labyrinth
 16499 | Lab      | Got a heavily runed granite ring
 16523 | Lab      | Identified the ring of Uvoduuz {+/*Tele rPois MR+ Str+2 Int+4} (You found it in a labyrinth)
 16551 | D:11     | You fall through a shaft!
 16565 | D:12     | Noticed Harold
 16581 | D:12     | Killed Harold
 16737 | D:12     | Received a gift from Trog
 16847 | D:12     | Got a bloodstained buckler
 16858 | D:12     | Identified the +0 buckler "Puinor" {MR+ rCorr} (You acquired it on level 12 of the Dungeon)
 17975 | D:13     | Noticed Rupert
 17989 | D:13     | Killed Rupert
 17989 | D:13     | Reached XP level 15. HP: 81/81 MP: 19/19
 18075 | D:13     | Reached skill level 11 in Fighting
 18736 | Orc:1    | Entered Level 1 of the Orcish Mines
 18755 | Orc:1    | Reached skill level 10 in Dodging
 19159 | Orc:2    | Entered Level 2 of the Orcish Mines
 19224 | Orc:2    | Noticed Azrael
 19255 | Orc:2    | Killed Azrael
 19263 | Orc:2    | Reached skill level 10 in Armour
 19277 | Orc:2    | Noticed an orc warlord
 19466 | Orc:1    | Killed an orc warlord
 19528 | Orc:2    | Received a gift from Trog
 19728 | Orc:2    | Found Riroru's General Store.
 19743 | Orc:2    | Bought a scroll of identify for 30 gold pieces
 19761 | Orc:2    | Found Foydeawk's Book Shoppe.
 20062 | Orc:2    | Found Fytifem's Antique Armour Shoppe.
 20101 | Orc:2    | Found a staircase to the Elven Halls.
 20115 | Orc:2    | Found Emorant's Antique Weapon Shoppe.
 20208 | Orc:2    | Bought a pair of glowing boots for 148 gold pieces
 20741 | D:14     | Found a gate to the Vaults.
 20760 | D:14     | Reached skill level 12 in Fighting
 20798 | D:14     | Received a gift from Trog
 21138 | D:14     | Reached skill level 11 in Dodging
 21314 | D:15     | Entered Level 15 of the Dungeon
 21355 | D:15     | Reached XP level 16. HP: 78/88 MP: 17/20
 21387 | D:15     | Found a staircase to the Depths.
 21582 | D:15     | Reached skill level 11 in Armour
 21630 | D:15     | Found a runed door.
 21774 | D:15     | Noticed a shadow dragon
 21788 | D:15     | Killed a shadow dragon
 22376 | D:15     | Found a white marble altar of Elyvilon.
 22644 | Depths:1 | Entered Level 1 of the Depths
 22787 | Depths:1 | Gained mutation: You occasionally shout uncontrollably at your foes. [potion of mutation]
 22787 | Depths:1 | Gained mutation: You can translocate small distances at will. [potion of mutation]
 22787 | Depths:1 | Gained mutation: Your body sometimes deteriorates upon taking damage. [potion of mutation]
 22791 | Depths:1 | Gained mutation: Your spells are a little harder to cast, but a little more powerful. [potion of beneficial mutation]
 22817 | Depths:1 | Killed from afar by an ice dragon

Vault maps used:
D:1:      ncdulo_lavacross, hangedman_decor_clover_reticule, hex_medium,
          tso_altar
D:2:      uniq_crazy_yiuf_cottage
D:3:      grunt_gozag_statues, gammafunk_temple_overflow_pools
D:4:      grunt_temple_overflow_bloody_war, first_bread, eino_curves_03
D:5:      lemuel_doored_altar, lemuel_crystal_altar,
          gammafunk_pakellas_statue_experiment, temple_pool_b
D:6:      grunt_temple_overflow_growth_and_decay, overflow_temple_1_default,
          nemelex_altar_shiori, kennysheep_path_1
D:8:      old_standard_altar, serial_co_window_serial, co_window_paths_a,
          co_window_paths_a, co_window_cross_1, co_window_paths_a,
          co_window_paths_a, co_window_paths_a, co_window_unsneaky_path_e,
          co_window_corner_b, co_window_2corner, co_window_paths_c,
          co_window_paths_c, co_window_2corner, glass_columns_a,
          glass_columns_a, glass_columns_a, glass_columns_b, david_nohive_1,
          uniq_psyche
D:9:      slow_altar_2, dpeg_lair_monsters, david_orc_2
D:10:     st_stairs_14, uniq_snorg
D:11:     lab_entry_generic
D:12:     uniq_harold
D:13:     uniq_rupert
D:14:     minmay_wizard_corner, lightli_vaults_fourway_checkpoint,
          serial_park_square3
D:15:     grunt_enter_depths_magical_seal, elyvilon_altar_3, lightli_airlock
Lair:1:   enter_volcano_4, infiniplex_staircase_pool_2
Lair:2:   wad_woods_03, grunt_megastairs_2
Lair:3:   minmay_shoals_entry_beasts, uniq_urug
Lair:4:   eino_small_chamber_without_monster
Lair:5:   kennysheep_catoblepas_arena, lemuel_fruit_fields
Lair:6:   nicolae_spider_entry_orb_guardian, bobbens_dragon_lair_wall
Lair:7:   boulder_dual_corridor_run, beast_lair_carwin_1
Lair:8:   evil_forest, slime_altar_1, basic_altar, serial_bayou_crossing,
          grunt_megastairs_3, serial_bayou_shore_a
Orc:2:    grunt_orc_gardens, grunt_orc_garden, grunt_orc_garden,
          grunt_orc_garden, grunt_orc_garden, uniq_azrael
Depths:1: pf_vacation_house_of_asmodeus, minmay_misc_feat_roman,
          minmay_crystal_water, ice2_lemuel, kennysheep_random_hallway
Lab:      nicolae_lab_dead_adventurers, nicolae_lab_arrow, nicolae_lab_statue
Volcano:  volcano_village

Vanquished Creatures
  Rupert
  A shadow dragon
  An orc warlord Azrael Snorg
  A minotaur
  A yaktaur captain
  4 vault guards
  A rakshasa
  8 hydras Harold
  A hell beast
  A catoblepas
  A death knight
  4 centaur warriors
  7 death yaks
  2 ogre magi
  A vampire mage
  4 orc high priests Urug
  A deep elf knight
  2 skeletal warriors
  2 unseen horrors
  5 orc knights
  12 wizards
  A wolf spider zombie
  4 hill giants
  An orb spider
  2 griffons
  A necromancer
  2 salamanders (shapeshifter)
  6 deep elf magi
  6 ugly things
  3 orc sorcerers
  4 cyclopes
  A manticore
  5 centaur zombies
  12 elephants
  5 black mambas
  A naga mage
  The ghost of Duffy the Sneak, a novice VSAs of Trog
  4 orange demons
  A gargoyle
  17 spiny frogs
  An efreet Psyche
  7 komodo dragons
  A redback zombie
  2 yaktaurs
  A hellwing
  The ghost of tof the Sneak, a novice TeAs
  8 fire drakes
  3 ice devils
  A freezing wraith
  2 red devils
  2 trolls
  4 two-headed ogres
  A trapdoor spider zombie
  6 slime creatures
  15 blink frogs
  A harpy skeleton
  4 centaur simulacra
  A spriggan (shapeshifter)
  3 wraiths
  2 shadows
  40 yaks
  3 fire elementals
  A golden eye (shapeshifter)
  2 basilisks
  3 wyverns
  15 hippogriffs
  2 hogs
  2 hungry ghosts
  4 vampire mosquitoes
  4 wargs
  4 mottled dragons
  11 wolves
  A soldier ant (shapeshifter)
  2 soldier ants
  13 water moccasins
  A hell hound
  11 porcupines
  22 orc warriors
  A swamp drake (shapeshifter)
  A wasp
  A black bear
  The ghost of totalnoob the Skirmisher, an amateur NaFi
  2 eyes of draining
  3 ice beasts
  3 phantoms
  A necrophage
  3 boggarts
  4 sky beasts
  24 ogres
  An eye of draining (shapeshifter)
  7 centaurs
  12 crocodiles
  A big kobold
  21 giant frogs
  A wyvern skeleton
  A water moccasin zombie
  2 scorpions
  12 killer bees
  A troll skeleton
  3 wights
  An electric eel
  A giant frog zombie
  5 crimson imps
  4 hounds
  3 jellies
  A quasit
  14 orc priests
  2 giant frog skeletons
  A gnoll shaman
  13 orc wizards Crazy Yiuf
  2 centaur skeletons
  10 iguanas
  11 worker ants
  15 sheep
  2 ogre skeletons
  A hound skeleton
  A worker ant zombie
  11 gnolls
  5 adders
  48 river rats
  3 shadow imps
  An ooze
  An adder skeleton
  An adder zombie
  5 worms
  2 giant geckos
  53 orcs
  7 bats
  3 giant cockroaches
  5 goblins
  11 hobgoblins
  18 jackals
  5 quokkas
  3 ball pythons
  A giant cockroach zombie
  6 giant newts
  2 jackal zombies
  4 kobolds
  8 rats
  6 fungi
  A plant
754 creatures vanquished.
